 Dungeon Crawl Stone Soup version 0.21.1-1-g345015f (webtiles) character file.

59 inc the Magician (level 4, -1/27 HPs)
             Began as an Octopode Ice Elementalist on Mar 16, 2018.
             Slain by a quokka (2 damage)
             ... on level 2 of the Dungeon.
             The game lasted 00:01:24 (1588 turns).

inc the Magician (Octopode Ice Elementalist)        Turns: 1588, Time: 00:01:24

Health: -1/27      AC:  1    Str:  7    XL:     4   Next: 3%
Magic:  0/9        EV: 13    Int: 18    God:
Gold:   47         SH:  0    Dex: 12    Spells: 9/10 levels left

rFire    . . .     SeeInvis .   (no weapon)
rCold    . . .     Gourm    .   (no shield)
rNeg     . . .     Faith    .   (helmet restricted)
rPois    .         Spirit   .   (no amulet)
rElec    .         Reflect  .   (no ring)
rCorr    .         Harm     .   (no ring)
MR       .....                  (no ring)
Stlth    +++.......             (no ring)
HPRegen  0.09/turn              (no ring)
MPRegen  0.11/turn              (no ring)
                                (no ring)
                                (no ring)

@: no status effects
A: almost no armour, stealthy swim, amphibious, 8 rings, constrict 8, camouflage
1, gelatinous body 1
a: no special abilities


You were on level 2 of the Dungeon.
You were not hungry.

You visited 1 branch of the dungeon, and saw 2 of its levels.

You collected 47 gold pieces.

Inventory:

Jewellery
 d - a cursed ring of teleportation {unknown}
Scrolls
 e - a scroll of enchant armour {unknown}
 f - 4 scrolls of identify {unknown}
 g - a scroll of enchant weapon {unknown}
 h - a scroll of fear {unknown}
Potions
 c - a potion of degeneration {unknown}
 i - a potion of might {unknown}
Books
 a - a book of Frost

   Spells                             Type                      Level
   a - Freeze                         Ice                          1
   b - Throw Frost                    Conjuration/Ice              2
   c - Ozocubu's Armour               Charms/Ice                   3
   d - Throw Icicle                   Conjuration/Ice              4
   e - Summon Ice Beast               Ice/Summoning                4
Comestibles
 b - 4 rations
 j - 2 chunks of flesh


   Skills:
 - Level 2.0 Dodging
 - Level 2.6 Stealth
 + Level 3.9 Spellcasting
   Level 1.0 Conjurations
 - Level 3.0 Ice Magic


You had 9 spell levels left.
You knew the following spells:

 Your Spells              Type           Power        Failure   Level  Hunger
a - Freeze                Ice            ##..         4%          1    None


Dungeon Overview and Level Annotations

Branches:
Dungeon (2/15)

Altars:


Innate Abilities, Weirdness & Mutations

You cannot wear most types of armour.
You are very stealthy in the water. (Stealth+)
You are amphibious.
You can wear up to eight rings at the same time.
You can use your tentacles to constrict eight enemies at once.
Your skin changes colour to match your surroundings (Stealth+).
Your rubbery body absorbs attacks. (AC +1, EV +1)


Message History

Confirm with . or Enter, or press ? or * to list all spells.
Aiming: Freeze
Press: ? - help, Shift-Dir - straight line, f - quokka
Aim: a quokka You freeze the quokka.
The quokka is almost dead.
The quokka bites you.
* * * LOW HITPOINT WARNING * * *
Casting: Freeze
Confirm with . or Enter, or press ? or * to list all spells.
You don't have enough magic to cast that spell.
Unknown command.
You miss the quokka. Your grab misses the quokka.
The quokka is almost dead.
The quokka misses you.
You miss the quokka. You grab the quokka. Your squeeze misses the quokka.
The quokka is almost dead.
You constrict the quokka, but do no damage.
The quokka barely misses you. The quokka bites you.
You die...

.. .>....#
..# .....#
.... ....#
#... #..#
##...##..#
........?#
.....#..<#
##.. ##r##
#. #@# #
#.# #.#
#.# #.#
... ..
#.....#
...
#.....#
...
#.....#


You could see a quokka.

Vanquished Creatures
  Terence (D:2)
  An ooze (D:1)
  4 goblins (D:1)
  5 hobgoblins (D:1)
  5 bats (D:1)
  A frilled lizard (D:1)
  8 kobolds (D:1)
  5 rats (D:1)
30 creatures vanquished.

Notes
Turn   | Place    | Note
-------+----------+-------------------------------------------
     0 | D:1      | inc the Octopode Ice Elementalist began the quest for the Orb.
     0 | D:1      | Reached XP level 1. HP: 11/11 MP: 3/3
   160 | D:1      | Reached XP level 2. HP: 16/17 MP: 3/5
   906 | D:1      | Reached XP level 3. HP: 16/21 MP: 7/7
  1535 | D:2      | Noticed Terence
  1585 | D:2      | Killed Terence
  1585 | D:2      | Reached XP level 4. HP: 5/27 MP: 1/9
  1586 | D:2      | HP: 1/27 [quokka (5)]
  1588 | D:2      | Slain by a quokka

Skill      XL: |  1  2 |
---------------+-------+-----
Spellcasting   | 3 |  3.9
Dodging        | |  2.0
Stealth        | |  2.6
Conjurations   | |  1.0
Ice Magic      | |  3.0

Action                   |  1- 3 |  4- 6 || total
-------------------------+-------+-------++-------
Melee: Unarmed           |    51 |     2 ||    53
       Constrict         |    16 |     1 ||    17
       Tentacles         |     7 |       ||     7
 Cast: Freeze            |    23 |     2 ||    25
 Stab: Sleeping          |     7 |       ||     7
  Eat: Chunk             |     2 |       ||     2
Armor: Skin              |     3 |       ||     3
Dodge: Dodged            |    47 |     2 ||    49
